 Dungeon Crawl Stone Soup version 0.14-a0-1585-g835621a (webtiles) character file.

525 ReteAZ the Cleaver (level 6, 0/51 HPs)
             Began as a Lava Orc Fighter on Dec 22, 2013.
             Killed from afar by an orc wizard (9 damage)
             ... with a magic dart
             ... on Level 4 of the Dungeon.
             The game lasted 00:07:59 (2467 turns).

ReteAZ the Cleaver (Lava Orc Fighter)               Turns: 2467, Time: 00:08:00

HP   0/51        AC 15     Str 21      XL: 6   Next: 24%
MP   6/6         EV  3     Int  8      God:
Gold 199         SH 19     Dex 10      Spells:  0 memorised,  5 levels left

rFire  + . .     SeeInvis .     a - +0 orc hand axe
rCold  . . .     Clarity  .     h - +0 plate armour
rNeg   . . .     Conserve .     c - +0 orc shield
rPois  .         rCorr    .     (no helmet)
rElec  .         rRot     .     (no cloak)
SustAb . .       Spirit   .     (no gloves)
rMut   +         Warding  .     r - +0 pair of boots
Saprov + . .     Stasis   .     E - amulet of resist mutation {unknown}
                                (no ring)
                                A - ring of protection from magic {unknown}

@: extremely poisoned, somewhat resistant to hostile enchantments, extremely
unstealthy
A: conserve scrolls, saprovore 1
a: no special abilities


You were on level 4 of the Dungeon.
You were hungry.

You visited 1 branch of the dungeon, and saw 4 of its levels.

You collected 199 gold pieces.

Inventory:

Hand weapons
 a - a +0,+0 orcish hand axe (weapon)
Missiles
 k - 3 darts (quivered)
 y - 2 silver tomahawks
Armour
 b - a +0 orcish scale mail
 c - a +0 orcish shield (worn)
 h - a +0 plate armour (worn)
 r - a +0 pair of boots (worn)
Magical devices
 s - a wand of hasting (1) {unknown}
Comestibles
 d - a meat ration
 o - a choko
 p - 3 bread rations
 q - 2 chunks of hound flesh
 w - 2 apples
Scrolls
 f - a scroll of fog {unknown}
 i - 2 scrolls of amnesia {unknown}
 l - a scroll of blinking {unknown}
 m - 2 scrolls of enchant weapon II {unknown}
 n - 5 scrolls of identify {unknown}
 t - a scroll of enchant weapon I {unknown}
 v - 2 scrolls of remove curse {unknown}
 B - a scroll of curse weapon {unknown}
 C - 2 scrolls of teleportation {unknown}
Jewellery
 A - a ring of protection from magic (left hand) {unknown}
 E - an amulet of resist mutation (around neck) {unknown}
Potions
 e - a potion of might {unknown}
 g - a potion of degeneration {unknown}
 j - a potion of speed {unknown}
 u - a potion of poison {unknown}
 x - 2 potions of curing {unknown}
 z - a potion of brilliance {unknown}
Books
 F - a book of Enchantments

   Spells                             Type                      Level
   Cause Fear                         Hexes                        4
   Silence                            Hexes/Air                    5
   Tukima's Dance                     Hexes                        5
   Deflect Missiles                   Charms/Air                   6
   Haste                              Charms                       6
   Discord                            Hexes                        8


   Skills:
 - Level 3.6 Fighting
 + Level 8.0 Axes
 - Level 3.2 Armour
 - Level 3.2 Shields


You had 5 spell levels left.
You didn't know any spells.

Dungeon Overview and Level Annotations

Branches:
Dungeon (4/16)
 Temple: D:4-7

Altars:
Makhleb
Vehumet


Innate Abilities, Weirdness & Mutations

You have stony skin.
Your flesh is heat resistant.
Your flesh is vulnerable to cold.
Your heat harms attackers.
You bathe your surroundings in blazing heat.
You are too hot to use scrolls.
You are very good at protecting items from fire.
You can tolerate rotten meat.


Message History

You feel very sick. You block its attack. It hits you but does no damage.
You are more poisoned.
You hit it.
Your skin cools and hardens.
You feel very sick. You block its attack.
You miss it.
* * * LOW HITPOINT WARNING * * *
You feel extremely sick. It hits you but does no damage.
You are more poisoned.
You hear some strange, mumbled words.
You block the puff of flame.
Your shield and plate armour prevent you from hitting it.
* * * LOW HITPOINT WARNING * * *
You feel sick.
You hear some strange, mumbled words.
The magic dart hits you!
You die...

#### #P.P♣. ## ....#
#♣.♣≈.. ... ..#(# #..P.♣.
###.## #...# #♣♣♣.♣♣
##.[...##.#.##### #......
#.......#....>..# #P..♣♣♣
.#.......#.......####.♣♣...
.%..._...))).....%...#...♣♣
.#.......#@..(>..###.##%..%
#.......#)#.....# #.##...♣
##..o..##...(#### #..♣P♣♣♣
###.## #.#.## #...♣.P.P♣
.o. ...#.# #.#.P.♣.♣P .#
#...##)##### ...♣.P.. ###.
#.....#.##.♣.P.♣
#.##.....#.##..♣♣♣♣
#..............♣...


There were no monsters in sight!

Vanquished Creatures
  An ogre (D:4)
  A centaur zombie (D:3)
  An orc priest (D:4)
  A hound (D:4)
  Ijyb (D:3)
  A gnoll (D:4)
  2 green rats (D:4)
  3 adders
  A giant mite (D:3)
  A worm (D:4)
  A giant gecko (D:1)
  4 orcs
  8 bats
  2 giant cockroaches
  8 goblins
  4 hobgoblins
  2 jackals (D:3)
  5 kobolds
  3 quokkas
  2 ball pythons (D:2)
  2 giant newts
  10 rats
64 creatures vanquished.

Notes
Turn   | Place    | Note
--------------------------------------------------------------
     0 | D:1      | ReteAZ, the Lava Orc Fighter, began the quest for the Orb.
     0 | D:1      | Reached XP level 1. HP: 19/19 MP: 1/1
   299 | D:1      | Reached XP level 2. HP: 21/26 MP: 2/2
   709 | D:2      | Found a radiant altar of Vehumet.
  1038 | D:2      | Reached skill level 4 in Axes
  1038 | D:2      | Reached XP level 3. HP: 31/31 MP: 3/3
  1603 | D:3      | Reached skill level 5 in Axes
  1683 | D:3      | Reached XP level 4. HP: 25/39 MP: 4/4
  1713 | D:3      | Noticed Ijyb
  1730 | D:3      | Killed Ijyb
  1803 | D:3      | Reached skill level 6 in Axes
  2029 | D:4      | Reached XP level 5. HP: 35/45 MP: 5/5
  2051 | D:4      | Noticed an ogre
  2063 | D:4      | HP: 2/45 [ogre/giant club (16)]
  2102 | D:4      | Killed an ogre
  2102 | D:4      | Reached skill level 7 in Axes
  2124 | D:4      | HP: 2/45 [poisoned by a kobold (curare-tipped needle)]
  2129 | D:4      | HP: 1/45 [poisoned by a kobold (curare-tipped needle)]
  2353 | D:4      | Reached XP level 6. HP: 36/51 MP: 6/6
  2407 | D:4      | Found a burning altar of Makhleb.
  2462 | D:4      | Reached skill level 8 in Axes
  2467 | D:4      | Killed from afar by an orc wizard

Action                   |  1- 3 |  4- 6 || total
-------------------------+-------+-------++-------
Melee: Hand axe          |   132 |   117 ||   249
  Use: Potion            |       |     2 ||     2
